 Dungeon Sprint DCSS version 0.24-a0-441-g27f0392e16 (webtiles) character file.

Game seed: 1411070612776074740

53 HASTUR3 the Conjurer (level 3, -1/28 HPs)
             Began as a Deep Elf Air Elementalist on June 19, 2019.
             Drowned by a water elemental (3 damage)
             ... in the Dungeon (Sprint III: "The Ten Rune Challenge").
             The game lasted 00:04:45 (476 turns).

HASTUR3 the Conjurer (Deep Elf Air Elementalist)     Turns: 476, Time: 00:04:45

Health: -1/28      AC:  4    Str: 10    XL:     3   Next: 62%
Magic:  3/10       EV: 13    Int: 20    God:
Gold:   19         SH:  0    Dex: 15    Spells: 2/8 levels left

rFire    . . .     SeeInvis .   (no weapon)
rCold    . . .     Gourm    .   (no shield)
rNeg     . . .     Faith    .   a - +0 robe
rPois    .         Spirit   .   (no helmet)
rElec    .         Reflect  .   (no cloak)
rCorr    .         Harm     .   (no gloves)
MR       .....     NoTele   +   (no boots)
Stlth    ..........             (no amulet)
HPRegen  0.49/turn              (no ring)
MPRegen  0.12/turn              (no ring)

@: berserking, engulfed (cannot breathe), very slightly contaminated, very quick
A: thin metallic scales 1, high mp 1, regeneration 1, subdued magic 1,
MP-powered wands
a: no special abilities


You were in the Dungeon.
You were not hungry.

You visited 1 branch You collected 19 gold pieces.

Inventory:

Armour
 a - a +0 robe (worn)
Scrolls
 i - a scroll of blinking
 l - a scroll of torment
 m - 3 scrolls of identify
 n - 3 scrolls of remove curse
Potions
 b - a potion of invisibility {unknown}
 d - 3 potions of curing
 f - a potion of haste
 g - 2 potions of magic
 o - a potion of flight {unknown}
Comestibles
 c - 3 rations
 j - a chunk of flesh


   Skills:
 - Level 2.4 Dodging
 - Level 2.4 Stealth
 + Level 3.1 Spellcasting
 - Level 6.7 Conjurations
 + Level 3.3 Charms
 * Level 3.9 Air Magic


You had 2 spell levels left.
You knew the following spells:

 Your Spells              Type           Power        Failure   Level  Hunger
a - Shock                 Conj/Air       ###.         1%          1    None
b - Static Discharge      Conj/Air       ###.....     3%          3    ###....
c - Swiftness             Chrm/Air       ##......     3%          2    ##.....

Your spell library contained the following spells:

 Spells                   Type           Power        Failure   Level  Hunger
 Airstrike                Air            ##........   22%         4    ####...
 Lightning Bolt           Conj/Air       ###.......   34%         5    ######.


Dungeon Overview and Level Annotations

Branches:
Dungeon (1/1)

Altars:


Innate Abilities, Weirdness & Mutations

You are partially covered in thin metallic scales. (AC +2)
You have an increased reservoir of magic. (+10% MP)
Your natural rate of healing is unusually fast.
Your spells are a little easier to cast, but a little less powerful.
You expend magic power (3 MP) to strengthen your wands.


Message History

Your body is wracked with pain!
It was a scroll of torment.
The water elemental closely misses you.
A red film seems to cover your vision as you go berserk!
You feel yourself moving faster!
You feel mighty! The water elemental closely misses you.
You hit the water elemental.
The water elemental is moderately damaged.
The water elemental completely misses you.
You hit the water elemental.
The water elemental is heavily damaged.
The water elemental hits you.
* * * LOW HITPOINT WARNING * * *
The water elemental engulfs you in water!
You hit the water elemental but do no damage.
The water elemental is heavily damaged.
* * * LOW HITPOINT WARNING * * *
Your lungs strain for air!
You hit the water elemental.
The water elemental is heavily damaged.
You die...

▓▓▓▓▓▓▓▓▓ ▓▓▓
▓<..#...#### ##.#
▓...#......#####..#
▓..##.....[.#..#..#
▓##.##E##...#..#..# #+#
##.##@###..##'#..#....
▓#.####.##..###...'.⌠..
▓.###.÷##..####...#...#
▓#.....##..###....# ⌠.#
###..##...##.....# .#
##..##....#......# #
#..###..##.#.....# #(.#
#..#####....# ▓▓▓▓ ▓▓▓▓
▓▓▓▓▓▓


You could see a water elemental.

Vanquished Creatures
  Jessica (D)
  A human (D)
  An ooze (D)
  A phantom (D)
  A rat (D)
5 creatures vanquished.

Vanquished Creatures (others)
  2 draconian scorchers (D)
  6 hellions (D)
  A yaktaur (D)
9 creatures vanquished.

Grand Total: 14 creatures vanquished

Notes
Turn   | Place    | Note
-------+----------+-------------------------------------------
     0 | D        | HASTUR3 the Deep Elf Air Elementalist began the quest for
                  | the Orb.
     0 | D        | Reached XP level 1. HP: 10/10 MP: 6/6
    12 | D        | Reached skill level 3 in Conjurations
    91 | D        | Killed a hellion
    91 | D        | Killed a hellion
    93 | D        | Killed a hellion
   112 | D        | Killed a yaktaur
   126 | D        | Killed a hellion
   127 | D        | Killed a hellion
   146 | D        | Noticed Jessica
   154 | D        | Killed Jessica
   154 | D        | Reached skill level 6 in Conjurations
   154 | D        | Reached XP level 2. HP: 15/15 MP: 4/8
   154 | D        | Reached XP level 3. HP: 19/19 MP: 4/9
   159 | D        | Learned a level 3 spell: Static Discharge
   162 | D        | Learned a level 2 spell: Swiftness
   222 | D        | Killed a hellion
   283 | D        | Killed a white draconian scorcher
   283 | D        | Killed a white draconian scorcher
   432 | D        | Gained mutation: Your mind is acute. (Int +2) [potion of
                  | mutation]
   432 | D        | Gained mutation: Your skin changes colour to match your
                  | surroundings (Stealth+). [potion of mutation]
   432 | D        | Gained mutation: Your mind is very acute. (Int +4) [potion
                  | of mutation]
   437 | D        | Lost mutation: Your mind is very acute. (Int +4) [potion of
                  | mutation]
   437 | D        | Lost mutation: Your mind is acute. (Int +2) [potion of
                  | mutation]
   437 | D        | Gained mutation: Your system is resistant to poisons.
                  | (rPois) [potion of mutation]
   437 | D        | Gained mutation: You are partially covered in thin metallic
                  | scales. (AC +2) [potion of mutation]
   438 | D        | Lost mutation: Your system is resistant to poisons. (rPois)
                  | [potion of mutation]
   438 | D        | Gained mutation: You have an increased reservoir of magic.
                  | (+10% MP) [potion of mutation]
   438 | D        | Gained mutation: Your spells are a little easier to cast,
                  | but a little less powerful. [potion of mutation]
   438 | D        | Gained mutation: You have a pair of small horns on your
                  | head. [potion of mutation]
   439 | D        | Lost mutation: You have a pair of small horns on your head.
                  | [potion of mutation]
   439 | D        | Lost mutation: Your spells are a little easier to cast, but
                  | a little less powerful. [potion of mutation]
   439 | D        | Gained mutation: You expend magic power (3 MP) to
                  | strengthen your wands. [potion of mutation]
   439 | D        | Gained mutation: Your system is resistant to poisons.
                  | (rPois) [potion of mutation]
   440 | D        | Lost mutation: You expend magic power (3 MP) to strengthen
                  | your wands. [potion of mutation]
   440 | D        | Lost mutation: Your skin changes colour to match your
                  | surroundings (Stealth+). [potion of mutation]
   440 | D        | Lost mutation: Your system is resistant to poisons. (rPois)
                  | [potion of mutation]
   440 | D        | Gained mutation: Your natural rate of healing is unusually
                  | fast. [potion of mutation]
   440 | D        | Gained mutation: Your spells are a little easier to cast,
                  | but a little less powerful. [potion of mutation]
   440 | D        | Gained mutation: You expend magic power (3 MP) to
                  | strengthen your wands. [potion of mutation]
   444 | D        | Noticed a water elemental
   476 | D        | Drowned by a water elemental

Levels and vault maps discovered:
D:        dungeon_sprint_mu [sprint_mu_entry_cave, sprint_mu_temple_rooms,
          sprint_mu_d1_spiders, sprint_mu_d2_genie, sprint_mu_d3_branching,
          sprint_mu_orc_legion, sprint_mu_elf_gauntlet, sprint_mu_hive_nellie,
          sprint_mu_lair_fedhas, sprint_mu_vaults_butterflies,
          sprint_mu_slime_circle, sprint_mu_swamp_cave, sprint_mu_shoals_kraken,
          sprint_mu_blade_basic, sprint_mu_crypt_fortress,
          sprint_mu_tomb_spiral, sprint_mu_vestibule_basic,
          sprint_mu_gehenna_hellfire, sprint_mu_dis_giant,
          sprint_mu_tartarus_statrot, sprint_mu_cocytus_islands, sprint_mu_zot1]

Skill      XL: |  1  2  3 |
---------------+----------+-----
Conjurations   | 6 |  6.7
Charms         | 3 |  3.3
Dodging        | |  2.4
Stealth        | |  2.4
Spellcasting   | |  3.1
Air Magic      | |  3.9

Action                   || total
-------------------------++-------
Melee: Unarmed           ||     4
 Cast: Shock             ||    21
       Swiftness         ||     2
       Static Discharge  ||     1
  Use: Potion            ||     7
       Scroll            ||     1
Dodge: Dodged            ||    10

Table legend:
 A = Non-vault XP
 B = Vault XP
 C = Vault XP percentage of total XP
 D = Non-vault monster count
 E = Vault monster count
 F = Vault count percentage of total count
                 A         B        C        D         E       F
            +---------+---------+-------+---------+---------+-------
      Total |       0 |      76 | 100.0 |       0 |       5 | 100.0
            +---------+---------+-------+---------+---------+-------
          D |       0 |      76 | 100.0 |       0 |       5 | 100.0
            +---------+---------+-------+---------+---------+-------
